AoeStats
← Stryder_The_Goth

Arabia

511019227Analyzed
1v1 RM · 11h ago on Oct 3, 2026· 23m 15s· 2 players
Game mode
Random Map
Map size
Tiny (2 player)
Population
200
Speed
Normal
Resources
Standard
Victory
Conquest
Starting age
Dark Age
Ending age
Imperial Age
RankedLock teamsTeams togetherTeam positionsShared explorationLock speedFull tech treeHidden civsTurbo modeCheats
Victory
Defeat
🇮🇳 Goths · India
1125
+16
🇧🇷 Jurchens · Brazil
1128
-16
Stryder_The_Goth
9:43 Feudal Age
10:40 Double-Bit Axe
11:15 Loom
13:03 Horse Collar
16:58 Fletching
18:22 Forging
19:16 Wheelbarrow
22:54 Castle Age
21:51 Scale Mail Armor
22:09 Man-at-Arms
BodeDaGod
6:54 Loom
9:12 Feudal Age
14:46 Double-Bit Axe
15:22 Horse Collar
25:14 Castle Age
Connection lost

Rejoining the realm…

Still unreachable

The connection could not be restored.

Session expired

The server has moved on; the page needs a fresh start.